 Dungeon Crawl Stone Soup version 0.30-a0-54-g2e61a25929 (webtiles) character file.

Game seed: 1000435241644392128

44 zishaf the Sneak (level 3, -3/18 HPs)
             Began as a Vine Stalker Brigand on Sept 8, 2022.
             Slain by Sigmund
             ... wielding a +0 scythe
              (4 damage)
             ... on level 2 of the Dungeon.
             The game lasted 00:02:19 (1709 turns).

zishaf the Sneak (Vine Stalker Brigand)             Turns: 1709, Time: 00:02:20

Health: -3/18      AC:  5    Str: 13    XL:     3   Next: 62%
Magic:  0/4        EV: 11    Int: 11    God:
Gold:   142        SH:  0    Dex: 17    Spells: 2/2 levels left

rFire   + . .      SeeInvis .    a - +2 dagger
rCold   . . .      Faith    .    (no shield)
rNeg    . . .      Spirit   +    k - +0 leather armour
rPois   .          Reflect  .    o - +0 helmet
rElec   .          Harm     .    c - +0 cloak
rCorr   .          Rampage  .    (no gloves)
Will    .....                    (no boots)
Stlth   +.........               (no amulet)
HPRegen 0.06/turn                l - ring of protection from fire
MPRegen 0.09/turn                (no ring)

@: confused
A: fangs 2, magic shield, antimagic bite, no potion heal 2
a: no special abilities


You were on level 2 of the Dungeon.
You visited 1 branch of the dungeon, and saw 2 of its levels.

You collected 142 gold pieces.

Inventory:

Hand Weapons
 a - a +2 dagger (weapon)
Missiles
 d - 9 poisoned darts (quivered)
 e - 3 curare-tipped darts
 f - 7 boomerangs
Armour
 b - a +0 robe
 c - a +0 cloak (worn)
 k - a +0 leather armour (worn)
 o - a +0 helmet (worn)
Jewellery
 l - a ring of protection from fire (left hand)
Scrolls
 n - a scroll of fear {unknown}
 p - 2 scrolls of enchant weapon {unknown}
 q - a scroll of identify {unknown}
Potions
 g - a potion of might {unknown}
 h - 2 potions of attraction {unknown}
 i - 2 potions of curing {unknown}
 j - 2 potions of heal wounds {unknown}
 m - a potion of berserk rage {unknown}
 r - a potion of cancellation {unknown}


   Skills:
 + Level 2.3 Fighting
 + Level 2.2 Short Blades
 + Level 2.2 Throwing
 - Level 1.0 Dodging
 + Level 5.3 Stealth


You had 2 spell levels left.
You didn't know any spells.
Your spell library was empty.

Dungeon Overview and Level Annotations

Branches:
Dungeon (2/15)

Altars:
Cheibriados

Annotations:
D:2 Sigmund


Innate Abilities, Weirdness & Mutations

You have extremely sharp teeth.
When hurt, damage is shared between your health and your magic reserves.
Your bite disrupts and absorbs the magic of your enemies.
Potions cannot restore your health.


Message History

The adder bites you.
You hit the adder. Your bite misses the adder.
The adder is severely wounded.
The adder closely misses you.
You hit the adder but do no damage. You bite the adder.
You kill the adder!
No target in view!
You see here a dart slug corpse.
Found 4 gold pieces.
Sigmund the Dreaded comes into view.
He is wielding a +0 scythe.
You see here a scroll labelled XOJYDO DEDEUJ.
Sigmund shouts!
You hear an angry hiss.
You see here a scroll labelled YSESOA OSMEQ.
Sigmund points at you and mumbles some strange words.
You are confused.
You see here a scroll labelled XOJYDO DEDEUJ.
You bump into the rock wall.
Sigmund gestures at you while chanting.
You are more confused.
Sigmund points at you and mumbles some strange words.
The magic dart hits you.
Sigmund casts a spell.
Sigmund flickers and vanishes!
Deactivating autopickup; reactivate with Ctrl-A.
You see here a scroll labelled XOJYDO DEDEUJ.
You bump into the rock wall.
You're too confused to move!
You are more confused.
You bump into the rock wall.
You bump into the rock wall.
Something hits you!
* * * LOW HITPOINT WARNING * * *
You're too confused to move!
You miss something. Your bite misses something. Something hits you.
* * * LOW HITPOINT WARNING * * *
Okay, then.
You miss something.
Unknown command.
You closely miss something. Your bite misses something. Something hits you.
You die...

.. #...^###...# #
.#### #.#...#.###
# ...# #.###....#
# #.## #.#......#
.
#.<###...####...#
# #..†...### ##.#
#..†.###..# ..#
.....#### #?.###
..> .### #?@..#
##. ##{#..#
#.##.# #.# ..#
#.. .# ##$ . #. .


There were no monsters in sight!

Vanquished Creatures
  An adder (D:2)
  2 dart slugs
  3 bats (D:1)
  4 endoplasms (D:1)
  2 goblins
  5 hobgoblins (D:1)
  5 kobolds
  2 ball pythons
  4 frilled lizards
  2 rats (D:1)
30 creatures vanquished.

Notes
Turn   | Place    | Note
-------+----------+-------------------------------------------
     0 | D:1      | zishaf the Vine Stalker Brigand began the quest for the
                  | Orb.
     0 | D:1      | Reached XP level 1. HP: 11/11 MP: 2/2
    49 | D:1      | Reached skill level 1 in Dodging
    49 | D:1      | Reached XP level 2. HP: 12/15 MP: 1/3
   113 | D:1      | Reached skill level 5 in Stealth
  1178 | D:1      | Reached XP level 3. HP: 18/18 MP: 4/4
  1619 | D:2      | Found a snail-covered altar of Cheibriados.
  1694 | D:2      | Noticed Sigmund
  1709 | D:2      | Slain by Sigmund

Illustrated notes

Levels and vault maps discovered:
D:1:      shiori_arrival_elements, layout_basic
D:2:      layout_rooms, basic_altar, uniq_sigmund, uniq_natasha

Skill      XL: |  1  2 |
---------------+-------+-----
Dodging        | 1 |  1.0
Short Blades   | 2 |  2.2
Stealth        | 5 |  5.3
Throwing       | 2 |  2.2
Fighting       | 2 |  2.3

Action                   || total
-------------------------++-------
Melee: Dagger            ||    80
       Bite              ||    17
Throw: Dart              ||     1
 Stab: Sleeping          ||     6
       Distracted        ||     1
Armor: Robe              ||     2
       Leather armour    ||    14
Dodge: Dodged            ||    47

Table legend: (Time is in decaauts)
 A = Elapsed time spent in this place.
 B = Non-inter-level travel time spent in this place.
 C = Inter-level travel time spent in this place.
 D = Time resting spent in this place.
 E = Time spent auto-exploring this place.
 F = Levels seen in this place.
 G = Mean time per level.
                   A        B        C        D        E       F      G
               +--------+--------+--------+--------+--------+-----+--------+
         Total |   1700 |   1666 |     34 |      0 |   1413 |   2 |  850.0 |
       Dungeon |   1700 |   1666 |     34 |      0 |   1413 |   2 |  850.0 |
               +--------+--------+--------+--------+--------+-----+--------+

Top non-repeatable levels by time:
     D:1: 1612 daAuts
     D:2: 87 daAuts
